 Dungeon Crawl Stone Soup version 0.25.0-9-g26727b657a (webtiles) character file.

Game seed: 6711254978772787955

51 Esekla the Magician (level 3, 0/20 HPs)
             Began as a Deep Elf Warper on June 20, 2020.
             Slain by a hobgoblin
             ... wielding a +0 club
             ... led by Robin
              (1 damage)
             ... on level 2 of the Dungeon.
             The game lasted 00:10:33 (2003 turns).

Esekla the Magician (Deep Elf Warper)               Turns: 2003, Time: 00:10:34

Health: 0/20       AC:  3    Str:  8    XL:     3   Next: 58%
Magic:  7/9        EV: 13    Int: 18    God:
Gold:   39         SH:  0    Dex: 20    Spells: 4/8 levels left

rFire    . . .     SeeInvis .   a - +0 falchion
rCold    . . .     Gourm    .   (no shield)
rNeg     . . .     Faith    .   b - +0 leather armour
rPois    .         Spirit   .   (no helmet)
rElec    .         Reflect  .   (no cloak)
rCorr    .         Harm     .   (no gloves)
MR       .....                  (no boots)
Stlth    ++........             (no amulet)
HPRegen  0.06/turn              g - +6 ring of dexterity
MPRegen  0.11/turn              (no ring)

@: shrouded
A: no striking features
a: no special abilities


You were on level 2 of the Dungeon.
You were hungry.

You visited 1 branch of the dungeon, and saw 2 of its levels.

You collected 39 gold pieces.

Inventory:

Hand Weapons
 a - a +0 falchion (weapon)
 i - a +0 spear
Missiles
 e - 5 boomerangs of dispersal (quivered)
Armour
 b - a +0 leather armour (worn)
Jewellery
 g - a +6 ring of dexterity (left hand)
Scrolls
 c - a scroll of remove curse {unknown}
 d - a scroll of blinking
 l - 3 scrolls of identify {unknown}
 m - a scroll of teleportation {unknown}
Potions
 h - a potion of degeneration {unknown}
 j - 2 potions of stabbing {unknown}
 k - a potion of heal wounds {unknown}
 n - a potion of might {unknown}
 o - a potion of curing {unknown}
 p - a potion of flight {unknown}
Comestibles
 f - 2 rations


   Skills:
 - Level 1.5 Fighting
 * Level 2.8 Long Blades
 + Level 1.1 Throwing
 - Level 0.7 Armour
 * Level 3.0 Dodging
 + Level 0.3 Stealth
 + Level 3.4 Spellcasting
 * Level 1.2 Charms
 + Level 3.3 Translocations


You had 4 spell levels left.
You knew the following spells:

 Your Spells              Type           Power        Failure   Level  Hunger
a - Shroud of Golubria    Chrm/Tloc      ##....       13%         2    ##.....
b - Blink                 Tloc           N/A          9%          2    ##.....

Your spell library contained the following spells:

 Spells                   Type           Power        Failure   Level  Hunger
 Gell's Gravitas          Tloc           ###.......   17%         3    ###....
 Lesser Beckoning         Tloc           ###.......   17%         3    ###....
 Teleport Other           Tloc           ###.....     17%         3    ###....
 Passage of Golubria      Tloc           N/A          50%         4    ####...


Dungeon Overview and Level Annotations

Branches:
Dungeon (2/15)

Altars:


Message History

Robin is severely wounded.
You hit Robin.
Robin is almost dead.
Robin hits you with a +0 short sword.
* * * LOW HITPOINT WARNING * * *
You completely miss Robin.
Robin is almost dead.
Robin closely misses you.
You riposte.
You hit Robin but do no damage.
Robin is almost dead.
Robin hits you with a +0 short sword.
* * * LOW HITPOINT WARNING * * *
You hit Robin.
You kill Robin!
Your Dodging skill increases to level 3!
The hobgoblin no longer looks unusually strong.
Casting: Shroud of Golubria (safe; 13% risk of failure)
Confirm with . or Enter, or press ? or * to list all spells.
Space distorts slightly along a thin shroud covering your body.
The hobgoblin hits you with a +0 club.
You die...

≈P≈≈≈≈≈≈≈P≈≈.
............
P≈≈P≈≈≈≈≈≈.
P≈≈≈≈≈≈≈# ♣P≈≈P≈♣
##########
##P≈P≈♣....gggg...#
♣♣# #..g....# #g#
♣.###(#g##.## #g#
♣..(..#@# #.# .≈≈≈
♣≈#####.# #g#
.≈≈≈♣♣♣≈...#.#
##.##
.≈≈≈≈≈P≈>..#.#
####..g#
.≈≈≈≈≈≈≈...#.#
#......#
.≈≈≈P≈≈P≈..#.#
#.##..<#
.≈≈≈≈PP≈P≈.))####
#.######
.≈≈≈P≈≈≈P.......#
#)#
♣≈P≈P≈).)...##(#
#.#


You could see 2 hobgoblins.

Vanquished Creatures
  Robin (D:2)
  2 dart slugs (D:2)
  A leopard gecko (D:2)
  A giant cockroach (D:1)
  7 goblins
  3 hobgoblins (D:2)
  4 jackals (D:1)
  4 kobolds
  A ball python (D:1)
  5 bats
  4 frilled lizards
  A bush (D:1)
34 creatures vanquished.

Notes
Turn   | Place    | Note
-------+----------+-------------------------------------------
     0 | D:1      | Esekla the Deep Elf Warper began the quest for the Orb.
     0 | D:1      | Reached XP level 1. HP: 12/12 MP: 6/6
   829 | D:2      | Noticed Robin
   842 | D:1      | Reached XP level 2. HP: 4/16 MP: 8/8
   877 | D:1      | Learned a level 2 spell: Shroud of Golubria
   880 | D:1      | Learned a level 2 spell: Blink
  1659 | D:2      | Reached XP level 3. HP: 17/20 MP: 6/9
  1849 | D:2      | Reached skill level 1 in Charms
  2001 | D:2      | HP: 1/20 [Robin/+0 short sword (1)]
  2002 | D:2      | Killed Robin
  2003 | D:2      | Slain by a hobgoblin

Illustrated notes

Levels and vault maps discovered:
D:1:      sevenhm_arrival_forest_fort_large_2, layout_loops_corners,
          serial_forest, infiniplex_forest_join, infiniplex_forest_diagonal,
          infiniplex_forest_lined_4_way, infiniplex_forest_pool,
          infiniplex_forest_diagonal, infiniplex_forest_clump_curved,
          infiniplex_forest_lined_room_, infiniplex_forest_lined_corner,
          infiniplex_forest_lined_2, infiniplex_forest_clump_large
D:2:      layout_loops_ring, serial_bayou_lagoon_b, uniq_robin, uniq_sigmund

Skill      XL: |  1  2  3 |
---------------+----------+-----
Long Blades    | 2 |  2.8
Charms         | 1 |  1.2
Dodging        | 3 |  3.0
Fighting       | |  1.5
Throwing       | |  1.1
Armour         | |  0.7
Stealth        | |  0.3
Spellcasting   | |  3.4
Translocations | |  3.3

Action                   || total
-------------------------++-------
Melee: Falchion          ||   303
 Cast: Shroud of Golubri ||    10
 Stab: Sleeping          ||     1
  Eat: Chunk             ||     4
Armor: Leather armour    ||    34
Dodge: Dodged            ||    99
       Rpst.: Falchion   ||    26
